Workbook

Sheet DPC - CZ
A1: Univerzita Tomáše Bati ve Zlíně | H1: upraveno: | I1: 2026-10 | J1: Vyplňte pouze žluté oblasti | K1: Fakulta technologická | L1: 11 - profesor | M1: 11 | N1: nebyl | O1: není | Q1: děkanem/kou | S1: zaměstnavatel
K2: Fakulta logistiky a krizového řízení | L2: 12 - docent | M2: 12 | N2: byl | O2: je | Q2: rektorem/kou | S2: zaměstnanec na základě dohody zaměstnance a zaměstnavatele
G3: osobní číslo pracovníka: | K3: Fakulta aplikované informatiky | L3: 13 - odborný asistent | M3: 13 | Q3: kvestorem/kou
K4: Fakulta multimediálních komunikací | L4: 14 - asistent | M4: 14 | Q4: ředitelem/kou součásti
A5: Dohoda o pracovní činnosti | K5: Fakulta managementu a ekonomiky | L5: 15 - lektor | M5: 15
K6: Fakulta humanitních studií | L6: 21 - vědecký pracovník | M6: 21
A7: Univerzita Tomáše Bati ve Zlíně, | H7: IČO: 70883521 | K7: Univerzitní institut | L7: 22 - techn. - hosp. prac. | M7: 22
K8: Koleje a menza | L8: 23 - prac. děln. povolání | M8: 23
A9: se sídlem: | K9: Knihovna | L9: 24 - obch. provozní pracovník | M9: 24
K10: Rektorát | L10: 29 - ostatní | M10: 29
A11: zastoupena
A12: (dále jen "UTB" nebo "zaměstnavatel")
A14: a pan/í/
A16: rodné číslo | D16: datum narození | F16: =IF(B16="","",MID(B16,5,2)&"."&IF(MID(B16,3,2)<"50",MID(B16,3,2)&".",(MID(B16,3,2)-"50")&".")&IF(MID(B16,1,2)<"40","20"&MID(B16,1,2),"19"&MID(B16,1,2))) | G16: místo, stát
A18: trvalé bydliště - ulice, číslo popisné/číslo orientační, obec, PSČ, pošta a adresa pobytu v ČR:
A20: (dále jen "zaměstnanec")
A22: uzavírají podle § 74, 76 a 77 zákoníku práce tuto dohodu o pracovní činnosti:
A24: I.
A25: 1. Zaměstnanec se zavazuje, že pro UTB ve Zlíně v době | F25: od | H25: do
A27: provede tyto sjednané práce:
A28: (rozpis činnosti viz. příloha)
A30: Kategorie zaměstnance: */ | C30: =IF(D30=L1,M1,IF(D30=L2,M2,IF(D30=L3,M3,IF(D30=L4,M4,IF(D30=L5,M5,IF(D30=L6,M6,IF(D30=L7,M7,IF(D30=L8,M8,IF(D30=L9,M9,IF(D30=L10,M10,"")))))))))) | E30: **/
A32: Typová pracovní pozice: ***/
A34: 2. Místo výkonu práce:
A36: 3. Den zahájení výkonu práce:
A38: 4. Sjednaný rozsah pracovní doby: dle přílohy
A40: 5. Zaměstnanec žádá o vyplacení mzdy:
B41: a) na účet u peněžního ústavu v ČR:
E42: spec. symbol (pokud existuje)
B43: b) na účet u pen. ústavu v zahraničí, stát EU: | F43: IBAN
F44: SWIFT | J44: NETISKNE SE
D45: stát mimo EU: | F45: účet
F46: SWIFT | J46: Nápověda
B47: c) pokladnou | J47: Pokud není vyplněno č.účtu, vyplňte u volby c) ANO
A49: 6. Pracovní dobu do směn rozvrhuje: | I49: **/
A51: II.
A52: UTB ve Zlíně:
A54: 1. Vytvoří zaměstnanci přiměřené podmínky, zajišťující řádný a bezpečný výkon práce.
A56: 2. Bude poskytovat zaměstnanci za vykonanou práci sjednanou odměnu podle zákoníku práce.
A58: 3. Dle § 141 odst. 1 zákoníku práce, odměna za vykonanou práci je splatná čtrnáctý kalendářní den následujícího měsíce
A59: po vykonání práce.
B61: Mezi účastníky | D61: **/ dohodnut jiný termín výplaty odměny:
A63: III.
A64: Ujednání společná:
A66: 1. Obě strany mohou dohodu vypovědět dle § 77 odst. 5 písm. b) ZP písemně bez udání důvodů s 15 denní výpovědní lhůtou,
A67: která začíná běžet dnem, v němž byla písemná výpověď doručena druhému účastníkovi. Dohoda může být zrušena zaměstnavatelem okamžitě za podmínek stanovených v § 55 zákoníku práce, nebo kdykoliv ke sjednanému dni vzájemnou dohodou.
A69: 2. Ostatní práva a povinnosti zaměstnance i UTB ve Zlíně vyplývající z této dohody jsou upraveny zákoníkem práce, zejména
A70: ust. § 74 - 77b.
A72: 3. Smluvní strany se dohodly, že zaměstnanci nepřísluší náhrada odměny z dohody po dobu trvání jiných důležitých osobních
A73: překážek v práci podle § 199 a překážek v práci z důvodu obecného zájmu podle § 200 až 205.
A75: 4. V případě, že právní vztah založený touto dohodou a dalšími dohodami o výkonu práce mimo pracovní poměr trval tak,
A76: jak je uvedeno v příslušných ustanoveních zákoníku práce, je zaměstnanec oprávněn písemně požádat zaměstnavatele o zaměstnání v pracovním poměru.
J77: Nápověda:
A78: 5. Jiná ujednání: | J78: Lze sjednat např. cestovní náhrady, v takovém případě je nutno současně určit místo pravidelného pracoviště (tj. přesná adresa pracoviště).
A80: IV.
A81: Zaměstnanec je povinen bez zbytečného odkladu nahlásit zaměstnavateli jakékoliv změny, které mohou mít vliv na výplatu odměny, včetně změn týkajících se prohlášení uvedeného v odevzdaném osobním dotazníku.
A83: V případě, že zaměstnanec v důsledku nepravdivých tvrzení a/nebo porušením povinností uvedených v předchozím odstavci způsobí zaměstnavateli škodu, zavazuje se ji uhradit ve lhůtě do 7 dnů ode dne výzvy zaměstnavatele k úhradě této škody.
A85: Nebylo-li mezi smluvními stranami dohodnuto rozvrhování pracovní doby do směn zaměstnancem, pak platí následující:
A86: Zaměstnavatel bude zaměstnanci rozvrhovat pracovní dobu alespoň 1 den před zahájenímobdobí, na které se pracovní doba rozvrhuje. Pro případ, že začátek výkonu práce podle této dohody nastává ke dni jejího podpisu, smluvní strany prohlašují a podpisem této dohody potvrzují, že byl zaměstnanec písemně seznámen s rozvrhem pracovní doby před zahájením výkonu práce.
A88: Zaměstnanec byl v den uzavření dohody (v rámci vstupního školení) seznámen a zavazuje se dodržovat:
A90: a) předpisy o bezpečnosti a ochraně zdraví při práci a další předpisy vztahující se k práci jím vykonávané, zachovávat pracovní
A91: kázeň, neprodleně oznamovat zaměstnavateli změnu své zdravotní pojišťovny a plnit ostatní povinnosti vyplývající z právních předpisů platných a účinných na území ČR, zejména zákoníku práce, Pracovního řádu Univerzity Tomáše Bati ve Zlíně a ostatních interních norem zaměstnavatele.
A93: b) dodržovat zásady ochrany a zpracování osobních údajů v souladu s právními předpisy platnými a účinnými na území ČR a
A94: interními normami zaměstnavatele.
A96: c) v souvislosti s koordinací systémů sociálního zabezpečení ve smyslu příslušné evropské legislativy (zejména Nařízení
A97: Evropského parlamentu a Rady č. 883/2004 ze dne 29. 4. 2004, o koordinaci systémů sociálního zabezpečení) vzhledem k možným negativním důsledkům nesprávného postupu zaměstnance při koordinaci pracovních poměrů v rámci EU/EHP a Švýcarska a za účelem vyhnutí se vzniku újmy v této souvislosti jak pro zaměstnavatele,tak i pro zaměstnance zavazuje písemně informovat zaměstnavatele o:
... A125: Ve Zlíně dne
A128: .................................................. | F128: ...............................................................
A129: podpis zaměstnance | F129: podpis navrhujícího
F130: (příkazce operace)
F133: ................................................................
F134: za UTB ve Zlíně - razítko a podpis
F135: oprávněného zaměstnance
F136: (správce rozpočtu)
A140: */ Kategorie zaměstnanců:
A141: 11 - profesor | C141: 14 - asistent | E141: 22 - techn. - hosp. prac. | G141: 29 - ostatní
A142: 12 - docent | C142: 15 - lektor | E142: 23 - prac. děln. povolání
A143: 13 - odborný asistent | C143: 21 - vědecký pracovník | E143: 24 - obch. provozní pracovník
A144: **/ výběr možnosti
A147: ***/ pozice dle SR Katalog prac.pozic na UTB (pozice AP a VP v těle směrnice, pozice dalších zaměstnanců v příloze směrnice)

Sheet DPC - EN
A1: Tomas Bata University in Zlín | H1: Version: | I1: 2026-10 | J1: Vyplňte pouze žluté oblasti | K1: Faculty of Technology | L1: Fakulta technologická | M1: 11 - Professor | N1: 11 - profesor | O1: that no | P1: that no | Q1: has not been agreed | S1: dean | T1: the Employer | U1: zaměstnavatel | V1: January
K2: Faculty of Logistics and Crisis Management | L2: Fakulta logistiky a krizového řízení | M2: 12 - Associate Professor | N2: 12 - docent | O2: that a | P2: that an | Q2: has been agreed | S2: rector | T2: the Worker, based on an agreement between the Worker and the Employer | U2: zaměstnanec na základě dohody zaměstnance a zaměstnavatele | V2: February
F3: Worker ID number: | I3: =IF('DPC - CZ'!I3="","",'DPC - CZ'!I3) | K3: Fakulta of Applied Informatics | L3: Fakulta aplikované informatiky | M3: 13 - Senior Lecturer | N3: 13 - odborný asistent | S3: bursar | V3: March
K4: Faculty of Multimedia Communications | L4: Fakulta multimediálních komunikací | M4: 14 - Lecturer | N4: 14 - asistent | S4: director | V4: April
A5: Subcontract Agreement | J5: DO NOT PRINT | K5: Faculty of Management and Economics | L5: Fakulta managementu a ekonomiky | M5: 15 - Assistant Lecturer | N5: 15 - lektor | V5: May
K6: Faculty of Humanities | L6: Fakulta humanitních studií | M6: 21 - Researcher | N6: 21 - vědecký pracovník | V6: June
A7: Tomas Bata University in Zlín, | D7: =IF('DPC - CZ'!D7='DPC - EN'!L1,'DPC - EN'!K1,(IF('DPC - CZ'!D7='DPC - EN'!L2,'DPC - EN'!K2,(IF('DPC - CZ'!D7='DPC - EN'!L3,'DPC - EN'!K3,(IF('DPC - CZ'!D7='DPC - EN'!L4,'DPC - EN'!K4,(IF('DPC - CZ'!D7='DPC - EN'!L5,'DPC - EN'!K5,(IF('DPC - CZ'!D7='DPC - EN'!L6,'DPC - EN'!K6,(IF('DPC - CZ'!D7='DPC - EN'!L7,'DPC - EN'!K7,(IF('DPC - CZ'!D7='DPC - EN'!L9,'DPC - EN'!K8,(IF('DPC - CZ'!D7='DPC - EN'!L8,'DPC - EN'!K9,(IF('DPC - CZ'!D7='DPC - EN'!L10,'DPC - EN'!K10,""))))))))))))))))))) | H7: ID: 70883521 | K7: University Institute | L7: Univerzitní institut | M7: 22 - Administration and technical staff | N7: 22 - techn. - hosp. prac. | V7: July
K8: Library | L8: Koleje a menza | M8: 23 - Manual worker | N8: 23 - prac. děln. povolání | V8: August
A9: with its registered office: | C9: =IF('DPC - CZ'!B9="","",'DPC - CZ'!B9) | K9: Halls of Residence and Refectoy | L9: Knihovna | M9: 24 - Business administration staff | N9: 24 - obch. provozní pracovník | V9: September
K10: Rectorate | L10: Rektorát | M10: 29 - Other professions | N10: 29 - ostatní | V10: October
A11: represented by | B11: =IF('DPC - CZ'!B11='DPC - CZ'!Q1,S1,IF('DPC - CZ'!B11='DPC - CZ'!Q2,S2,IF('DPC - CZ'!B11='DPC - CZ'!Q3,S3,IF('DPC - CZ'!B11='DPC - CZ'!Q4,S4,"")))) | D11: =IF('DPC - CZ'!D11="","",'DPC - CZ'!D11) | V11: November
A12: (hereinafter as "TBU in Zlín" or "Employer") | V12: December
A14: and Mr./Mrs. | B14: =IF('DPC - CZ'!B14="","",'DPC - CZ'!B14)
A15: Birth Certificate No.: | B15: =IF('DPC - CZ'!B16="","",'DPC - CZ'!B16) | E15: Date of birth: | F15: =IF('DPC - CZ'!F16="","",'DPC - CZ'!F16) | G15: Place of birth, country: | H15: =IF('DPC - CZ'!H16="","",'DPC - CZ'!H16)
A17: Permanent address - Street, Land-registry No./House No.,Town/village, Postcode, Post office and a residential address in the CR:
A18: =IF('DPC - CZ'!A19="","",'DPC - CZ'!A19)
A19: (hereinafter as "Worker")
A21: are entering into the following Subcontract Agreement in compliance with § 74, 76 and 77 of the Labour Code:
A23: I
A24: 1. The Worker undertakes to work for TBU in Zlín | E24: from | F24: =IF('DPC - CZ'!G25="","",'DPC - CZ'!G25) | G24: to | H24: =IF('DPC - CZ'!I25="","",'DPC - CZ'!I25)
A26: the following agreed-upon work:
A27: (List of activities is included in the Annex)
A29: Worker category:*/ | C29: ='DPC - CZ'!C30 | D29: **/
A31: Typical job position title: ***/
A33: 2. Location of work: | C33: =IF('DPC - CZ'!C34="","",'DPC - CZ'!C34)
A35: 3. First day of employment: | C35: =IF('DPC - CZ'!D36="","",'DPC - CZ'!D36)
A37: 4. The Agreed range of working hours is listed in the appendix.
A39: 5. The Worker requests that the remuneration be paid:
B40: a) to his/her bank account in the Czech Republic: | E40: =IF('DPC - CZ'!E41="","",'DPC - CZ'!E41)
E41: Specific Code (if applicable) | H41: =IF('DPC - CZ'!H42="","",'DPC - CZ'!H42)
B42: b) to his/her bank account abroad; | D42: EU country: | F42: IBAN | G42: =IF('DPC - CZ'!G43="","",'DPC - CZ'!G43)
F43: SWIFT | G43: =IF('DPC - CZ'!G44="","",'DPC - CZ'!G44)
D44: country outside the EU: | F44: account No. | G44: =IF('DPC - CZ'!G45="","",'DPC - CZ'!G45)
F45: SWIFT | G45: =IF('DPC - CZ'!G46="","",'DPC - CZ'!G46) | J45: Please note:
B46: c) in the Cash Office | H46: =IF('DPC - CZ'!H47="","","YES") | J46: If you did not enter a bank account number, select the c) option and enter YES.
A48: 6. Working hours are scheduled into shifts by: | D48: =IF('DPC - CZ'!D49='DPC - EN'!U1,'DPC - EN'!T1,IF('DPC - CZ'!D49='DPC - EN'!U2,'DPC - EN'!T2,"")) | I48: **/
A50: II
A51: TBU in Zlín:
A53: 1. Shall provide appropriate conditions to the Worker in order to ensure proper and safe work performance.
A55: 2. Shall remunerate the Worker for the work performed in compliance with the Labour Code, in the amount agreed upon.
A57: 3. In compliance with § 141 Paragraph 1 of the Labour Code, the remuneration for the work performed is due on the 14th calendar day
A58: of the month following after the month during which services were completed.
A60: A different date of the remuneration payment | D60: =IF('DPC - CZ'!C61="nebyl",'DPC - EN'!Q1,IF('DPC - CZ'!C61="byl",'DPC - EN'!Q2,"")) | E60: upon between the contracting parties: | H60: =IF('DPC - CZ'!H61="","",(IF(MONTH('DPC - CZ'!H61)=1,V1,(IF(MONTH('DPC - CZ'!H61)=2,V2,(IF(MONTH('DPC - CZ'!H61)=3,V3,(IF(MONTH('DPC - CZ'!H61)=4,V4,(IF(MONTH('DPC - CZ'!H61)=5,V5,(IF(MONTH('DPC - CZ'!H61)=6,V6,(IF(MONTH('DPC - CZ'!H61)=7,V7,(IF(MONTH('DPC - CZ'!H61)=8,V8,(IF(MONTH('DPC - CZ'!H61)=9,V9,(IF(MONTH('DPC - CZ'!H61)=10,V10,(IF(MONTH('DPC - CZ'!H61)=11,V11,V12))))))))))))))))))))))&"/"&YEAR('DPC - CZ'!H61))
A62: III
A63: Mutual arrangements:
A65: 1. In compliance with § 77 Paragraph 5 letter b) of the Labour Code, any of the contracting parties can withdraw from the Agreement in writing
A66: without giving a reason, with a notice period of 15 days which starts to run on the day when the written notice of withdrawal is delivered to the other contracting party. The Agreement can be terminated by the Employer immediately in compliance with the terms and conditions determined in § 55 of the Labour Code, or at any time on the date agreed upon between the contracting parties.
A68: 2. Other rights and obligations of the Worker and of TBU in Zlín arising from this Agreement are regulated by the Labour Code, in particular
A69: by the provisions of § 74 up to 77b.
A71: 3. Parties have agreed, that the Worker will not be entitled to compensation from the agreement for duration of other important personal
A72: obstacles to work according to § 199 and obstacles to work due to general interest according to § 200 to 205.
A74: 4. In the event that legal relationship established by this agreement and other agreements on the peformance of work outside the employment
A75: relationship lasted as is stated in the relevant provisions of the Labour Code, the Worker is entitled to request in writing to the employer form employment in an employment relationship.
A77: 5. Additional provisions: | J77: Please note:
J78: Travel expenses, for example, can be arranged; in such cases, the regular place of work (i.e., the exact address of the workplace) must also be specified.
A79: IV
A81: The Worker is obliged to inform the TBU in Zlín without undue delay about all changes which might influence the payment of the remuneration, including any type of changes regarding the statement given in the submitted personal questionnaire.
A83: In the event that the Worker due to a false claim and/or due to his/her failure to fulfil the obligations mentioned in the preceding paragraph inflicts damage on the TBU in Zlín, the Worker undertakes to compensate the TBU in Zlín for the damage incurred within 7 days after being requested by the TBU in Zlín to do so.
A85: Unless the parties have agreed that the working hours will be organized into shifts by the Worker, the following shall apply:
A86: The Employer shall schedule the Worker’s working hours at least 1 day before the start of the period for which the working hours are scheduled. In the event that the performance of work under this agreement begins on the date of its signature, the parties declare and confirm by signing this agreement that the Worker has been informed of the working time schedule in writing before starting work.
A88: The Worker has been been acquainted of the following on the day of the conclusion of the subcontract agreement (as part of the initial training) and undertakes to observe:
A90: a) regulations governing occupational safety and health protection and other regulations relating to work performed by him/her, to maintain
A91: working discipline, to announce without delay to the Employer a change in his/her health insurance company and fulfil other requirements arising from legal regulations valid and effective on the territory of the CR, mainly the Labour Code, the Work Regulations of Tomas Bata University in Zlín and other internal regulations issued by the Employer
A93: b) the principles of the protection and processing of personal data in accordance with legal regulations valid and effective on the territory of
A94: the CR and with internal regulations issued by the Employer.
A96: c) undertakes in connection with the coordination of social security systems within the meaning of applicable European legislation (particularly
A97: European Parliament and Council Regulation No. 883/2004 as of 29. 4. 2004 on coordination of social security systems) due to the possible negative consequences of incorrect procedure of an Worker in the coordination of employment relationships within the EU / EEA and Switzerland and to avoid the threat of damage in this context, both on the side of the contractor and the Worker, the Worker undertakes to inform the TBU in Zlín in writing of:
... A121: The Worker and TBU in Zlín agree with the Subcontract Agreement to be concluded in compliance with the above-mentioned terms and conditions.
A123: In Zlín on | B123: =IF('DPC - CZ'!B125="","",'DPC - CZ'!B125)
A126: .................................................. | F126: ................................................................
A127: Signature of the Worker | F127: Signature of the proposer
F128: (Payment Mandator)
F131: ................................................................
F132: On behalf of TBU in Zlín - Stamp and
F133: signature of authorized employee
F134: (Budget Administrator)
A137: */ Worker category:
A138: 11 - Professor | C138: 14 - Lecturer | E138: 22 - Administration and technical staff | H138: 29 - Other professions
A139: 12 - Associate Professor | C139: 15 - Assistant Lecturer | E139: 23 - Manual worker
A140: 13 - Senior Lecturer | C140: 21 - Researcher | E140: 24 - Business administration staff
A142: **/ Option selection
A143: ***/ Position according to the TBU Job Catalog (Positions of A and R staff in the main text of the directive; positions of other employees in the annex to the directive)
